 Dungeon Sprint DCSS version 0.28.0-53-g5a82cb258f (webtiles) character file.

Game seed: 5690122131636766967

5637 Zeld the Devastator (level 10, -8/69 HPs)
             Began as a Green Draconian Conjurer on June 11, 2022.
             Was a High Priest of Sif Muna.
             Mangled by a demonic crawler (9 damage)
             ... in the Dungeon (Sprint I: "Red Sonja").
             The game lasted 00:04:15 (3546 turns).

Zeld the Devastator (Green Draconian Conjurer)      Turns: 3546, Time: 00:04:16

Health: -8/69      AC:  7    Str:  8 (9)  XL:     10   Next: 46%
Magic:  4/26       EV: 11    Int: 19 (20) God:    Sif Muna [*****.]
Gold:   7          SH:  0    Dex:  8 (9)  Spells: 24/39 levels left

rFire   + . .      SeeInvis .   (no weapon)
rCold   . . .      Faith    .   (no shield)
rNeg    + . .      Spirit   .   (armour unavailable)
rPois   +          Reflect  .   (helmet restricted)
rElec   .          Harm     .   (no cloak)
rCorr   .          Rampage  .   (no gloves)
Will    .....      NoTele   +   (no boots)
Stlth   +.........              (no amulet)
HPRegen 0.21/turn               e - ring of positive energy
MPRegen 0.20/turn               (no ring)

@: no status effects
A: breathe noxious fumes, AC +7, unfitting armour, poison resistance,
cold-blooded, deterioration 2, dopey 2, fire resistance 1, low MP 1, screaming
1, no potion heal 1, subdued magic 3
a: Breathe Noxious Fumes, Renounce Religion, Channel Magic, Forget Spell, Divine
Exegesis


You were in the Dungeon.
You worshipped Sif Muna.
Sif Muna was extremely pleased with you.
You visited 1 branch You collected 839 gold pieces.
You spent 832 gold pieces at shops.

Inventory:

Armour
 i - a +2 buckler of reflection
Jewellery
 e - a ring of positive energy (left hand)
Scrolls
 f - a scroll of identify {unknown}
Potions
 a - a potion of degeneration {unknown}
 b - 2 potions of heal wounds
 c - a potion of haste
 d - 2 potions of magic
 g - a potion of brilliance {unknown}
 h - 2 potions of curing
 k - a potion of might


   Skills:
 - Level 1.7 Dodging
 - Level 1.7 Stealth
 * Level 15.2 Spellcasting
 * Level 16.8 Conjurations
 - Level 4.0 Poison Magic
 + Level 9.6 Invocations


You had 24 spell levels left.
You knew the following spells:

 Your Spells              Type           Power      Damage    Failure   Level
a - Magic Dart            Conj           100%       1d8       0%          1
b - Searing Ray           Conj           82%        2d7       0%          2
c - Fulminant Prism       Conj/Hex       12%        3d9       1%          4
d - Iskenderun's Mystic   Conj/Tloc      24%        2d7       1%          4
e - Olgreb's Toxic Radia  Pois           15%        N/A       4%          4

Your spell library contained the following spells:

 Spells                   Type           Power      Damage    Failure   Level
 Apportation              Tloc           14%        N/A       1%          1
 Sting                    Tmut/Pois      44%        1d5       1%          1
 Poisonous Vapours        Pois/Air       22%        N/A       1%          2
 Dazzling Flash           Conj/Hex       48%        N/A       1%          3
 Ensorcelled Hibernation  Hex/Ice        14%        N/A       3%          2
 Passwall                 Tmut/Erth      5%         N/A       3%          2
 Swiftness                Air            7%         N/A       7%          3
 Alistair's Intoxication  Tmut/Pois      7%         N/A       34%         5


Dungeon Overview and Level Annotations

Branches:
Dungeon (1/1)

Altars:
Cheibriados
Dithmenos
Elyvilon
Fedhas
Gozag
Hepliaklqana
Kikubaaqudgha
Makhleb
Nemelex Xobeh
Okawaru
Qazlal
Ru
Sif Muna
Trog
Uskayaw
Vehumet
Wu Jian
Xom
Yredelemnul
Zin
The Shining One
Jiyva
Lugonu

Shops:
D :([[(![


Innate Abilities, Weirdness & Mutations

You can breathe blasts of noxious fumes.
Your lurid green scales are hard. (AC +7)
You cannot fit into any form of body armour.
Your system is resistant to poisons. (rPois)
You are cold-blooded and may be slowed by cold attacks.
Your body often deteriorates upon taking damage.
You are very dopey. (Int -4)
Your flesh is heat resistant. (rF+)
Your magical capacity is low. (-10% MP)
You occasionally shout uncontrollably at your foes.
Potions are less effective at restoring your health.
Your spells are much easier to cast, but much less powerful.


Message History

The demonic crawler closely misses you. The demonic crawler hits you.
* * * LOW HITPOINT WARNING * * *
There is an open door here.
Casting: Iskenderun's Mystic Blast (safe; 1% risk of failure)
Confirm with . or Enter, or press ? or * to list all spells.
You erupt in a blast of force!
The mystic blast hits the demonic crawler.
The demonic crawler is lightly wounded.
The demonic crawler is knocked back by the mystic blast.
The mystic blast hits the demonic crawler!
The demonic crawler is lightly wounded.
The mystic blast hits the demonic crawler.
The demonic crawler is lightly wounded.
The demonic crawler is knocked back by the mystic blast.
The mystic blast hits the demonic crawler!
The demonic crawler is moderately wounded.
The demonic crawler is knocked back by the mystic blast.
The demonic crawler hits you but does no damage. x3
Unknown command.
Casting: Iskenderun's Mystic Blast (safe; 1% risk of failure)
Confirm with . or Enter, or press ? or * to list all spells.
You erupt in a blast of force!
The mystic blast hits the demonic crawler.
The demonic crawler is lightly wounded.
The demonic crawler is knocked back by the mystic blast.
The demonic crawler collides with the gargoyle!
The mystic blast hits the demonic crawler.
The demonic crawler is lightly wounded.
The demonic crawler is knocked back by the mystic blast.
The demonic crawler slams into the stone wall!
The mystic blast hits the demonic crawler.
The demonic crawler is heavily wounded.
The mystic blast hits the demonic crawler.
The demonic crawler is lightly wounded.
The demonic crawler completely misses you.
The demonic crawler barely misses you. The demonic crawler hits you!
* * * LOW HITPOINT WARNING * * *
Your body deteriorates!
You feel dopey. The demonic crawler hits you!
You die...

#####################
.)[.#..'..#__#..@s..#
.#..').#..'..'..#s..##+#
###'#####'#__####.ss9..#
##..#...#.#### #####..+
_####..##)# ##
____##'#_.+ .∩...'..._#
..__##_)#'##+###
____###'#.#(.|)###


You could see 4 demonic crawlers and a gargoyle.

Vanquished Creatures
  Sonja (D)
  A deep troll (D)
  8 shining eyes (D)
  2 kobold demonologists (D)
  A slime creature (D)
  Sigmund (D)
  A yak (D)
  5 floating eyes (D)
  An ogre (D)
  A jelly (D)
  Ijyb (D)
23 creatures vanquished.

Vanquished Creatures (others)
  2 ballistomycete spores (D)
  2 fulminant prisms (D)
4 creatures vanquished.

Grand Total: 27 creatures vanquished

Notes
Turn   | Place    | Note
-------+----------+-------------------------------------------
     0 | D        | Zeld the Draconian Conjurer began the quest for the Orb.
     0 | D        | Reached XP level 1. HP: 14/14 MP: 3/3
     2 | D        | Noticed Ijyb
     6 | D        | Paralysed by Ijyb for 6 turns
    19 | D        | Killed Ijyb
    20 | D        | Reached skill level 5 in Conjurations
    20 | D        | Reached XP level 2. HP: 13/20 MP: 4/7
   300 | D        | Learned a level 2 spell: Searing Ray
   404 | D        | Noticed an ogre
   407 | D        | Killed an ogre
   408 | D        | Reached skill level 7 in Conjurations
   408 | D        | Reached XP level 3. HP: 26/26 MP: 3/10
   408 | D        | Reached XP level 4. HP: 33/33 MP: 3/12
   413 | D        | Learned a level 4 spell: Fulminant Prism
   418 | D        | Learned a level 4 spell: Iskenderun's Mystic Blast
   575 | D        | Noticed Sigmund
   582 | D        | Killed Sigmund
   583 | D        | Reached skill level 9 in Conjurations
   583 | D        | Reached XP level 5. HP: 30/38 MP: 3/15
   754 | D        | Found an ornate altar of the Wu Jian Council.
   754 | D        | Found a shimmering blue altar of Sif Muna.
   756 | D        | Found a radiant altar of Vehumet.
   760 | D        | Became a worshipper of Sif Muna the Loreminder
   763 | D        | Reached XP level 6. HP: 45/45 MP: 12/17
   880 | D        | Found Hucajome's Armour Emporium.
   880 | D        | Found an ancient bone altar of Kikubaaqudgha.
   880 | D        | Found a hazy altar of Hepliaklqana.
   880 | D        | Found a stormy altar of Qazlal.
   880 | D        | Found a hide-covered altar of Uskayaw.
   880 | D        | Found a blossoming altar of Fedhas.
   880 | D        | Found a bloodstained altar of Trog.
   880 | D        | Found an iron altar of Okawaru.
   880 | D        | Found a basalt altar of Yredelemnul.
   880 | D        | Found a glowing golden altar of the Shining One.
   880 | D        | Found a snail-covered altar of Cheibriados.
   880 | D        | Found a sacrificial altar of Ru.
   880 | D        | Found a glowing silver altar of Zin.
   880 | D        | Found a shadowy altar of Dithmenos.
   880 | D        | Found a white marble altar of Elyvilon.
   880 | D        | Noticed a yak
   890 | D        | Killed a yak
   891 | D        | Reached skill level 10 in Conjurations
   891 | D        | Found an opulent altar of Gozag.
   908 | D        | Found a sparkling altar of Nemelex Xobeh.
  1219 | D        | Found a burning altar of Makhleb.
  1219 | D        | Found a viscous altar of Jiyva.
  1219 | D        | Found a shimmering altar of Xom.
  1219 | D        | Found a corrupted altar of Lugonu.
  1219 | D        | Noticed a slime creature
  1227 | D        | Killed a slime creature
  1227 | D        | Reached * piety under Sif Muna
  1228 | D        | Reached skill level 10 in Spellcasting
  1228 | D        | Reached skill level 11 in Conjurations
  1228 | D        | Your scales start taking on a lurid green colour.
  1228 | D        | Reached XP level 7. HP: 34/50 MP: 3/20
  1228 | D        | Gained mutation: Your system is resistant to poisons.
                  | (rPois) [Green Draconian growth]
  1626 | D        | Noticed a kobold demonologist
  1626 | D        | Noticed a kobold demonologist
  1628 | D        | Noticed a soul eater
  1629 | D        | Killed a kobold demonologist
  1630 | D        | Reached skill level 12 in Conjurations
  1632 | D        | Noticed an orange demon
  1635 | D        | Noticed a rust devil
  1637 | D        | Killed a kobold demonologist
  1638 | D        | Reached skill level 13 in Conjurations
  1638 | D        | Reached XP level 8. HP: 23/57 MP: 10/23
  1827 | D        | Noticed Sonja
  1831 | D        | Killed Sonja
  1831 | D        | Reached ** piety under Sif Muna
  1832 | D        | Reached skill level 5 in Invocations
  2190 | D        | Noticed a deep troll
  2222 | D        | Killed a deep troll
  2223 | D        | Reached skill level 14 in Conjurations
  2223 | D        | Reached XP level 9. HP: 17/62 MP: 0/26
  2601 | D        | Found Goym's Armour Emporium.
  2619 | D        | Found Nepiasch's Book Boutique.
  2627 | D        | Bought a Young Poisoner's Handbook for 280 gold pieces
  2632 | D        | Learned a level 4 spell: Olgreb's Toxic Radiance
  2636 | D        | Noticed a shining eye
  2636 | D        | Noticed a shining eye
  2636 | D        | Noticed a shining eye
  2636 | D        | Noticed a shining eye
  2636 | D        | Noticed a shining eye
  2636 | D        | Noticed a shining eye
  2637 | D        | Paralysed by a floating eye for 4 turns
  2637 | D        | Gained mutation: Your spells are a little easier to cast,
                  | but a little less powerful. [a shining eye]
  2638 | D        | Gained mutation: You tend to lose your temper in combat. [a
                  | shining eye]
  2641 | D        | Reached *** piety under Sif Muna
  2644 | D        | Paralysed by a floating eye for 4 turns
  2645 | D        | Gained mutation: You sometimes lose the ability to read
                  | scrolls when taking damage. [a shining eye]
  2646 | D        | Gained mutation: You are frail. (-10% HP) [a shining eye]
  2646 | D        | Gained mutation: You are dopey. (Int -2) [a shining eye]
  2647 | D        | Gained mutation: You are clumsy. (Dex -2) [a shining eye]
  2647 | D        | Gained mutation: Your spells are easier to cast, but less
                  | powerful. [a shining eye]
  2648 | D        | Killed a shining eye
  2649 | D        | Reached skill level 15 in Conjurations
  2650 | D        | Killed a shining eye
  2650 | D        | Killed a shining eye
  2650 | D        | Reached **** piety under Sif Muna
  2651 | D        | Noticed a shining eye
  2651 | D        | Noticed a shining eye
  2653 | D        | Gained mutation: Your spells are much easier to cast, but
                  | much less powerful. [a shining eye]
  2654 | D        | Gained mutation: You often lose your temper in combat. [a
                  | shining eye]
  2669 | D        | Killed a shining eye
  2670 | D        | Reached skill level 16 in Conjurations
  2670 | D        | Reached XP level 10. HP: 62/62 MP: 4/28
  2886 | D        | Gained mutation: You are very dopey. (Int -4) [a shining
                  | eye]
  2887 | D        | Gained mutation: You have a beak for a mouth. [a shining
                  | eye]
  2888 | D        | Gained mutation: Potions are less effective at restoring
                  | your health. [a shining eye]
  2892 | D        | Gained mutation: Your magical capacity is low. (-10% MP) [a
                  | shining eye]
  2894 | D        | Killed a shining eye
  2894 | D        | Gained mutation: Your body sometimes deteriorates upon
                  | taking damage. [a shining eye]
  2897 | D        | Gained mutation: Your body often deteriorates upon taking
                  | damage. [a shining eye]
  2898 | D        | Lost mutation: You often lose your temper in combat. [a
                  | shining eye]
  2900 | D        | Gained mutation: You are very clumsy. (Dex -4) [a shining
                  | eye]
  2901 | D        | Gained mutation: You occasionally shout uncontrollably at
                  | your foes. [a shining eye]
  2902 | D        | Killed a shining eye
  2902 | D        | Killed a shining eye
  2902 | D        | Reached ***** piety under Sif Muna
  2902 | D        | Gained mutation: Your magical capacity is very low. (-20%
                  | MP) [a shining eye]
  2903 | D        | Reached skill level 15 in Spellcasting
  2908 | D        | Killed a shining eye
  2908 | D        | Received a gift from Sif Muna
  3093 | D        | Found Zutuw's Weapon Shoppe.
  3093 | D        | Found Neikyph's Antique Weapon Shop.
  3093 | D        | Found Riddidgho's Armour Emporium.
  3093 | D        | Found Weru Adi's Distillery.
  3105 | D        | Bought a +2 buckler of reflection for 222 gold pieces
  3112 | D        | Bought a potion of mutation for 80 gold pieces
  3112 | D        | Bought a potion of mutation for 80 gold pieces
  3112 | D        | Bought a potion of mutation for 80 gold pieces
  3112 | D        | Bought a potion of heal wounds for 50 gold pieces
  3112 | D        | Bought a potion of might for 40 gold pieces
  3113 | D        | Lost mutation: You sometimes lose the ability to read
                  | scrolls when taking damage. [potion of mutation]
  3113 | D        | Lost mutation: You are frail. (-10% HP) [potion of
                  | mutation]
  3113 | D        | Lost mutation: You have a beak for a mouth. [potion of
                  | mutation]
  3113 | D        | Gained mutation: Your muscles are strong. (Str +2) [potion
                  | of mutation]
  3245 | D        | Lost mutation: You are very clumsy. (Dex -4) [potion of
                  | mutation]
  3245 | D        | Lost mutation: You tend to lose your temper in combat.
                  | [potion of mutation]
  3245 | D        | Lost mutation: You are clumsy. (Dex -2) [potion of
                  | mutation]
  3381 | D        | Lost mutation: Your magical capacity is very low. (-20% MP)
                  | [potion of mutation]
  3381 | D        | Lost mutation: Your muscles are strong. (Str +2) [potion of
                  | mutation]
  3381 | D        | Gained mutation: Your flesh is heat resistant. (rF+)
                  | [potion of mutation]
  3544 | D        | Noticed a gargoyle
  3546 | D        | HP: 1/69 [demonic crawler (12)]
  3546 | D        | Mangled by a demonic crawler

Illustrated notes

Levels and vault maps discovered:
D:        dungeon_sprint_1 [red_sonja_temple_1, red_sonja_temple_small_1]

Skill      XL: |  1  2  3  4  5  6  7  8  9 10 |
---------------+-------------------------------+-----
Spellcasting   | 4 6 8 10 11 13 14 15 | 15.2
Conjurations   | 5 7 9 11 13 14 16 | 16.8
Invocations    | 4 6 8 9 |  9.6
Poison Magic   | 4 |  4.0
Dodging        | |  1.7
Stealth        | |  1.7

Action                   |  1- 3 |  4- 6 |  7- 9 | 10-12 || total
-------------------------+-------+-------+-------+-------++-------
Melee: Unarmed           |     9 |       |     1 |    14 ||    24
       Punch             |     1 |       |       |       ||     1
       Tailslap          |       |       |     1 |     5 ||     6
       Peck              |       |       |       |     5 ||     5
 Cast: Searing Ray       |     1 |     7 |     5 |       ||    13
       Iskenderun's Myst |       |     4 |    20 |     9 ||    33
       Fulminant Prism   |       |       |     2 |       ||     2
       Olgreb's Toxic Ra |       |       |     2 |     4 ||     6
       Magic Dart        |       |       |       |     2 ||     2
Invok: Channel Magic     |       |       |     2 |       ||     2
 Abil: Breathe Noxious F |       |       |     1 |       ||     1
  Use: Potion            |     1 |       |     1 |     3 ||     5
       Scroll            |       |       |     1 |       ||     1
Armor: Skin              |     2 |     1 |     2 |     7 ||    12
Dodge: Dodged            |     2 |     5 |    12 |    16 ||    35
